[Event "***Titled Tuesday 3|2 Blitz"]
[Site "Chess.com"]
[Date "2017.02.07"]
[Round "7"]
[White "gmwesley_so"]
[Black "Rikikits"]
[Result "1-0"]
[WhiteElo "2749"]
[BlackElo "2626"]
[TimeControl "180+2"]
[EndTime "14:42:18 PST"]
[Termination "gmwesley_so won on time"]

1. e4 c5 2. Nf3 Nc6 3. d4 cxd4 4.
Nxd4 Nf6 5. Nc3 e5 6. Ndb5 d6 7. Bg5 a6 8. Na3 b5 9. Nd5 Be7 10.
Bxf6 Bxf6 11. c3 O-O 12. Nc2 Bg5 13. a4 bxa4 14. Rxa4 Ne7 15. Bc4 a5 16. h4 Bh6 17.
Ncb4 Bd7 18. Nxe7+ Qxe7 19. Nd5 Qd8 20. Ra2 Kh8 21.
Qe2 Rb8 22. g3 Be6 23. O-O f5 24. exf5 Bxf5 25. Rfa1 Qd7 26. Rxa5 Bg4 27. Qc2 Bf3 28.
Bf1 e4 29. Re1 Qf7 30. b4 Rbe8 31. Ne3 g5 32. hxg5 Qh5 33. Bg2 Bxg5 34. Qd2 Rf6 35. Qd4 Qg6 36. Rxg5 Qxg5 37. Nd5 Re5 38. Nxf6 Qxf6 39.
Bxf3 Qxf3 40. Re3 Qf5 41. Qxd6 Rd5 42. Qb8+ Kg7 43. Kg2 Rd2 44. Qf4 Qxf4 45. gxf4 Rc2 46. b5 Kf6 47. Rxe4 Rxc3 48. Rb4 Rc7 49. b6 Rb7 50.
Rb5 Ke6 51. f5+ Kf6 52. f4 h6 53. Kg3 Kg7 54. Kg4 Kf6 55. Kh5 Kg7 56. Kh4 Kf6 57. Kg4 Rg7+ 58. Kh5 Rb7 59. Kxh6 Rb8 60. Kh5 Rh8+ 61. Kg4 Rb8 62. Kf3 Rb7 63. Ke4 1-0

[Event "***Titled Tuesday 3|2 Blitz"]
[Site "Chess.com"]
[Date "2017.02.07"]
[Round "7"]
[White "wnstop"]
[Black "Kacparov"]
[Result "0-1"]
[WhiteElo "2413"]
[BlackElo "2575"]
[TimeControl "180+2"]
[EndTime "14:42:18 PST"]
[Termination "Kacparov won by resignation"]

1. e4 c5 2. Nf3 e6 3. d4 cxd4 4.
Nxd4 Nc6 5. Nc3 Qc7 6. Be3 a6 7.
Qf3 Nf6 8. O-O-O Rb8 9. Qg3 Qxg3 10. hxg3 d6 11. Be2 Be7 12. g4 Nxd4 13. Bxd4 e5 14. Ba7 Ra8 15. Bb6 Bxg4 16. Bxg4 Nxg4 17. Nd5 Rc8 18. f3 Nh6 19. g4 Rc6 20. Be3 Ng8 21. g5 h5 22. gxh6 Nxh6 23. Rh2 Bf8 24. Rdh1 Kd7 25. Kd2 Ke6 26. Kd3 Rg8 27. Rg1 Rh8 28.
c4 Rc8 29. a4 Rd8 30. b4 Rd7 31. Rh5 f6 32. Rgh1 Rg8 33. f4 exf4 34. Nxf4+ Kf7 35.
Nd5 Ng4 36. Bf4 Nf2+ 37. Kd4 Nxh1 38. Rxh1 g6 39. b5 Bg7 40. Kd3 Rh8 41. Rb1 Rh3+ 42. Be3 Bh6 43. Kd4 Bxe3+ 44. Nxe3 Rh4 45. Nd5 f5 46. bxa6 Rxe4+ 47. Kd3 bxa6 48. Rb6 Re8 49. Rxa6 g5 50. Rb6 g4 51. Rb1 Ra7 52. Nc3 g3 53. Rh1 Rg8 54. Ke3 g2 55. Rg1 Ke6 56. Ne2 Rxa4 57.
Nf4+ Ke5 58. Nd3+ Kf6 0-1

[Event "***Titled Tuesday 3|2 Blitz"]
[Site "Chess.com"]
[Date "2017.02.07"]
[Round "7"]
[White "lucasmito"]
[Black "jb2mix"]
[Result "0-1"]
[WhiteElo "1776"]
[BlackElo "2390"]
[TimeControl "180+2"]
[EndTime "14:42:23 PST"]
[Termination "jb2mix won on time"]

1. e4 c5 2. Nf3 d6 3. d4 cxd4 4.
Nxd4 Nf6 5. Nc3 a6 6. Be3 e6 7. Be2 Be7 8. O-O O-O 9. f4 Nc6 10. Kh1 Nxd4 11. Qxd4 b5 12. Bf3 Bb7 13. a4 bxa4 14.
Rxa4 d5 15. e5 Nd7 16. Raa1 Bc5 17. Qd2 Bxe3 18. Qxe3 Nb6 19. Ne2 Nc4 20. Qd4 Qb6 21. b3 Qxd4 22. Nxd4 Nb6 23. c4 Rab8 24. c5 Na8 25. c6 Bc8 26. g3 Nc7 27. Bh5 g6 28.
Be2 Kg7 29. Ra4 f6 30. Kg2 fxe5 31. fxe5 Rxf1 32. Kxf1 Rb6 33. Kg2 Kf7 34. Kf2 Ke7 35. Ke3 Ne8 36. h4 Ng7 37. g4 h6 38. Kf4 Kf7 39. Bd3 Ne8 40. h5 g5+ 41. Kf3 Nc7 42. Bg6+ Ke7 43. Bd3 Kd8 44. Bg6 Na8 45. Bd3 Kc7 0-1

[Event "***Titled Tuesday 3|2 Blitz"]
[Site "Chess.com"]
[Date "2017.02.07"]
[Round "7"]
[White "alekroth64"]
[Black "MateusViageiro"]
[Result "1-0"]
[WhiteElo "2242"]
[BlackElo "2411"]
[TimeControl "180+2"]
[EndTime "14:42:35 PST"]
[Termination "alekroth64 won by resignation"]

1. d4 Nf6 2. c4 e6 3. Nf3 d5 4. Bg5 c6 5. e3 Nbd7 6. Nc3 h6 7. Bh4 Be7 8. Rc1 O-O 9. Bd3 dxc4 10.
Bxc4 b5 11. Bd3 Bb7 12. O-O a6 13. Bb1 Re8 14. Qd3 Nf8 15. Ne4 Nxe4 16. Qxe4 Bxh4 17. Qxh4 Qxh4 18. Nxh4 Rac8 19. Nf3 Nd7 20. Be4 f5 21. Bc2 c5 22. dxc5 Bxf3 23. gxf3 Rxc5 24. Bb3 Kf7 25. Rfd1 Re7 26. Kf1 a5 27. a3 a4 28. Ba2 Kf6 29. Ke2 Rxc1 30. Rxc1 g5 31. Rc6 h5 32. h3 h4 33. Bb1 Ke5 34. Bd3 Kd5 35. Rc7 Kd6 36.
Rb7 g4 37. fxg4 fxg4 38. hxg4 Ne5 39. Rxe7 Kxe7 40. Bxb5 h3 41. Kf1 Kd6 42. g5 Nf3 43. g6 Ke7 44. Bxa4 Nd2+ 45. Kg1 Nc4 46. Bc2 Nxb2 47. Kh2 Nc4 48. a4 Kf6 49. Kxh3 e5 50.
Kg4 Na5 51. g7 Kxg7 52. Kf5 Nc4 53. Bd3 Nb2 54. Bb5 Nd1 55. a5 1-0

[Event "***Titled Tuesday 3|2 Blitz"]
[Site "Chess.com"]
[Date "2017.02.07"]
[Round "7"]
[White "chessdude"]
[Black "DrVelja"]
[Result "1-0"]
[WhiteElo "2442"]
[BlackElo "2500"]
[TimeControl "180+2"]
[EndTime "14:42:37 PST"]
[Termination "chessdude won by resignation"]

1. e4 c5 2. Nf3 Nc6 3. d4 cxd4 4. Nxd4 g6 5. c4 Bg7 6. Be3 Nf6 7. Nc3 O-O 8. Be2 d6 9. O-O Bd7 10. Qd2 Nxd4 11.
Bxd4 Bc6 12. Bd3 Nd7 13. Bxg7 Kxg7 14. f4 Qb6+ 15. Kh1 a5 16. Rf3 a4 17. Rh3 h6 18.
Rf1 a3 19. b3 Qd4 20. Qe1 Nc5 21. Bc2 Bd7 22. Rg3 Na6 23. Nd5 e6 24. Nc3 Nb4 25. Bb1 f5 26. exf5 exf5 27. Re3 Rfe8 28. Rff3 Bc6 29.
Rg3 Kf7 30. h3 Qxf4 31. Nd1 Na6 32. Kg1 Nc5 33. Nc3 Qd4 34. Kh1 Rxe3 35. Rxe3 Re8 36.
Rxe8 Bxe8 37. Nd5 Qe5 38. Qh4 Bc6 39. Qxh6 Bxd5 40. Qh7+ Kf6 41. cxd5 Qe1+ 42. Kh2 Qxb1 43. Qh8+ Kg5 44. Qd8+ Kh6 45. Qh8+ Kg5 46. Qd8+ Kf4 47. Qxd6+ Ke4 48. Qxc5 Qxa2 49. d6 Qxb3 50. d7 Qd3 51.
Qe7+ Kf4 52. d8=Q Qg3+ 53. Kh1 Qe1+ 54. Qxe1 1-0

[Event "***Titled Tuesday 3|2 Blitz"]
[Site "Chess.com"]
[Date "2017.02.07"]
[Round "7"]
[White "TomsKantans"]
[Black "Zhigalko_Sergei"]
[Result "0-1"]
[WhiteElo "2519"]
[BlackElo "2687"]
[TimeControl "180+2"]
[EndTime "14:42:46 PST"]
[Termination "Zhigalko_Sergei won by resignation"]

1. e4 c5 2. Nf3 d6 3. d4 cxd4 4.
Nxd4 Nf6 5. Nc3 a6 6. Bg5 Nbd7 7. f4 Qc7 8. Qf3 g6 9. O-O-O Bg7 10. Bd3 O-O 11. h4 h5 12. Qg3 e6 13. Nf3 b5 14. f5 Ng4 15. Be7 Nde5 16. Bxf8 Kxf8 17. fxe6 Bxe6 18. Ng5 b4 19. Nxe6+ fxe6 20. Ne2 a5 21. Kb1 a4 22. Nf4 Ke7 23. Be2 b3 24. cxb3 axb3 25. Qxb3 Qd7 26. Rc1 Ra7 27. Rc2 Rb7 28. Qa3 Nf2 29. Rhc1 Nxe4 30. Rd1 Kf7 31. Bf3 Nc4 32.
Rxc4 Bxb2 33. Qxb2 Rxb2+ 34. Kxb2 Qb5+ 35. Ka1 Qxc4 36. Bxe4 Qxe4 37. Nd3 Qxh4 38. Nb2 Qg4 39. a4 Qb4 40. Rd3 d5 41. Ka2 h4 42. Rb3 Qd2 43. Rb5 Qxg2 44. a5 h3 45. a6 d4 46. Rb7+ Kf6 47.
Rb8 h2 48. a7 h1=Q 0-1

[Event "***Titled Tuesday 3|2 Blitz"]
[Site "Chess.com"]
[Date "2017.02.07"]
[Round "7"]
[White "Sanan_Sjugirov"]
[Black "Aguiar94"]
[Result "1-0"]
[WhiteElo "2661"]
[BlackElo "2465"]
[TimeControl "180+2"]
[EndTime "14:42:59 PST"]
[Termination "Sanan_Sjugirov won by resignation"]

1. d4 Nf6 2. Nf3 c5 3. d5 b5 4. Bg5 Ne4 5. Bh4 Bb7 6. e3 Qa5+ 7.
c3 b4 8. c4 g6 9. Nbd2 Nxd2 10. Qxd2 d6 11. Bd3 Bg7 12. O-O Qc7 13. a3 a5 14.
axb4 axb4 15. Rxa8 Bxa8 16. e4 Nd7 17. Bg5 Nf6 18.
Bh6 O-O 19. Re1 Nd7 20. Bxg7 Kxg7 21. Bc2 Bb7 22. Ba4 Nb6 23. Bb5 e5 24. dxe6 fxe6 25. Ng5 Qe7 26. e5 d5 27. cxd5 exd5 28. e6 Rf6 29.
Qe2 Bc8 30. Qe5 h6 31. Nh7 Kxh7 32. Qxf6 Qxf6 33. e7 Bf5 34. e8=Q h5 35. h4 c4 36. Re7+ Kh6 37. Rf7 Qxh4 38. Qh8+ Kg5 39. Qd8+ Kg4 40. Qxb6 Qg5 41. Qd4+ Qf4 42. f3+ Kg5 43. Qxf4+ Kxf4 44. Kf2 Ke5 45. Rb7 Kd4 46. Ba4 b3 47. Ke1 Ke3 48.
Re7+ Kd3 49. Re2 d4 50. Bb5 h4 51. Rd2+ Ke3 52. Bxc4 d3 53. Bxb3 Kf4 54. Bd5 h3 55.
gxh3 Kg3 56. Be4 1-0

[Event "***Titled Tuesday 3|2 Blitz"]
[Site "Chess.com"]
[Date "2017.02.07"]
[Round "7"]
[White "Yaacovn"]
[Black "Kouzari"]
[Result "1-0"]
[WhiteElo "2602"]
[BlackElo "2500"]
[TimeControl "180+2"]
[EndTime "14:43:02 PST"]
[Termination "Yaacovn won by checkmate"]

1. d4 Nf6 2. Nf3 c5 3. c3 cxd4 4. cxd4 d5 5. Nc3 Nc6 6. Bf4 Bf5 7. Qb3 Na5 8. Qa4+ Bd7 9. Qc2 e6 10. e3 Rc8 11. Bd3 Nc6 12. a3 Nh5 13. Bg5 Be7 14. Bxe7 Qxe7 15. O-O f5 16. Bb5 O-O 17. Bxc6 Bxc6 18.
Ne5 f4 19. Qe2 g6 20. Rae1 fxe3 21. fxe3 Nf6 22. Rf3 Nd7 23. Nxd7 Qxd7 24. Ref1 Qe7 25. Rxf8+ Rxf8 26. Rxf8+ Qxf8 27. Qg4 Qf5 28. Qe2 e5 29.
Qf2 Qe6 30. h3 Kg7 31. Qg3 exd4 32. exd4 h5 33. h4 Qf5 34. Ne2 Qe4 35. Qe5+ Qxe5 36.
dxe5 g5 37. g3 Kg6 38. Nd4 Bd7 39. Kf2 Bf5 40. Ke3 Be4 41. b4 a6 42. a4 Bh1 43.
Kd2 Be4 44. Kc3 b6 45. a5 b5 46. Kd2 Bh1 47. Ke3 Bg2 48. Kf2 Be4 49. Ke3 Bh1 50. Nxb5 axb5 51. Kd4 Kf5 52. a6 Kg4 53. hxg5 Kxg3 54. g6 h4 55. g7 h3 56. g8=Q+ Kh2 57.
Ke3 Be4 58. Kf2 Bg2 59. Qg3+ Kh1 60. e6 d4 61. e7 d3 62. Qxd3 h2 63. e8=Q Bf3 64.
Qf1# 1-0

[Event "***Titled Tuesday 3|2 Blitz"]
[Site "Chess.com"]
[Date "2017.02.07"]
[Round "7"]
[White "PelinGorki"]
[Black "jcibarra"]
[Result "1/2-1/2"]
[WhiteElo "2394"]
[BlackElo "2635"]
[TimeControl "180+2"]
[EndTime "14:43:12 PST"]
[Termination "Game drawn - insufficient material"]

1. e4 c5 2. Nf3 d6 3. d4 cxd4 4.
Nxd4 Nf6 5. Nc3 a6 6. Bg5 e6 7.
f4 Be7 8. Qf3 Qa5 9. O-O-O Bd7 10. Kb1 Nc6 11. Nb3 Qc7 12. g4 h6 13. Bxf6 Bxf6 14.
h4 O-O-O 15. g5 Be7 16. Be2 Kb8 17. Qg3 hxg5 18. hxg5 g6 19. Nd2 Rc8 20. Nc4 Na5 21.
Ne3 Qb6 22. Ng4 Rxh1 23. Rxh1 Nc4 24. Bxc4 Rxc4 25. Kc1 Ka7 26. Rh7 Be8 27. Ne3 Rc8 28. Ned1 Qd4 29. Qe3 Qxe3+ 30. Nxe3 b5 31. Kd2 b4 32. Ne2 Kb6 33. Nd4 Bd8 34. c3 bxc3+ 35. bxc3 a5 36. Kd3 a4 37. c4 Kc5 38. Ndc2 Ba5 39.
Ng4 d5 40. cxd5 exd5 41. Nf6 Bb5+ 42. Ke3 Bc4 43. a3 Bb3 44. Nd4 Bd2+ 45. Kxd2 Kxd4 46. exd5 Rc2+ 47. Ke1 Ke3 48. Rh3+ Kxf4 49. d6 Rc8 50. d7 Rd8 51. Kd2 Be6 52. Rd3 Kxg5 53. Ne4+ Kf4 54. Nc5 Ke5 55. Kc3 g5 56. Kb4 g4 57.
Kxa4 Bf5 58. Rd2 Kf4 59. Kb5 g3 60. Kc6 Ke3 61. Rg2 Kf3 62. Rxg3+ Kxg3 63. Kc7 Rxd7+ 64.
Nxd7 Bc2 65. Ne5 f5 66. Kd6 f4 67. Kd5 Bd1 68. Kd4 f3 69. Nxf3 Kxf3 70. a4 Bxa4 1/2-1/2

[Event "***Titled Tuesday 3|2 Blitz"]
[Site "Chess.com"]
[Date "2017.02.07"]
[Round "7"]
[White "Ilja_Semjonovs"]
[Black "Evgeny81"]
[Result "0-1"]
[WhiteElo "2174"]
[BlackElo "2355"]
[TimeControl "180+2"]
[EndTime "14:43:12 PST"]
[Termination "Evgeny81 won by resignation"]

1. d4 Nf6 2. Nf3 c5 3. c3 e6 4. Bg5 Qb6 5. Qb3 Nc6 6. e3 Be7 7. Bxf6 Bxf6 8. Nbd2 d5 9. Be2 O-O 10. O-O Bd7 11. Rfe1 Rac8 12. dxc5 Qxc5 13. Qxb7 Rfd8 14.
Qb5 Qe7 15. Qd3 Rb8 16. Rab1 e5 17. e4 Be6 18. Qc2 dxe4 19. Nxe4 Bxa2 20. Nxf6+ Qxf6 21. Rbd1 Rxd1 22. Qxd1 h6 23. b4 e4 24. Nd2 e3 25. fxe3 Qxc3 26. Bf3 Rd8 27. Qc1 Qxc1 28. Rxc1 Nxb4 29. Ne4 Be6 30. Rc7 a5 31. h4 a4 32.
Ra7 Bb3 33. Nc5 Nd5 34. Nxa4 Bxa4 35. Rxa4 Nxe3 36. Ra7 Nc4 37. Rc7 Ne5 38. Be4 g6 39. Re7 Ng4 40. Kf1 Kf8 41. Ra7 Rd4 42. Bf3 Nh2+ 43. Kf2 Nxf3 44. Kxf3 Rxh4 45. g3 Rb4 46. Kg2 h5 47. Ra6 Kg7 48. Ra5 f5 49. Ra6 Kh6 50. Ra5 Kg5 51. Rd5 Kg4 52. Rd2 g5 53. Rc2 h4 54.
gxh4 Kxh4 55. Rf2 f4 56. Kf3 g4+ 57. Kg2 g3 58. Rc2 Kg4 59. Rc3 f3+ 60. Kg1 Rb1+ 0-1

[Event "***Titled Tuesday 3|2 Blitz"]
[Site "Chess.com"]
[Date "2017.02.07"]
[Round "7"]
[White "SavelijTartakover"]
[Black "Astaneh"]
[Result "0-1"]
[WhiteElo "2531"]
[BlackElo "2502"]
[TimeControl "180+2"]
[EndTime "14:43:17 PST"]
[Termination "Astaneh won by resignation"]

1. d4 Nf6 2. c4 g6 3. Nc3 d5 4. e3 Bg7 5. Qb3 e6 6. Qa3 Bf8 7. Qa4+ c6 8. Nf3 Bg7 9. Be2 O-O 10. O-O a6 11. Qc2 Nbd7 12. Rd1 Re8 13. b3 b6 14. Bb2 Bb7 15. Rac1 Qe7 16. Qb1 Rac8 17. a3 c5 18. cxd5 exd5 19. Qa1 c4 20. bxc4 dxc4 21. d5 b5 22. Nd4 Nc5 23. Rd2 Nxd5 24.
Nxd5 Bxd5 25. Rcd1 Bxd4 26. Bxd4 Nb3 27. Bf6 Qe4 28. Bf3 Qxf3 29. gxf3 Nxa1 30. Rxd5 Nb3 31. Bc3 Nc5 32. Rd6 f5 33. h4 Re6 34. Bb4 Kf7 35.
h5 Rc7 36. Kf1 Nd3 37. R6xd3 cxd3 38. Rxd3 Rec6 39. Kg2 Ra7 40. h6 a5 41. Bc3 Ke6 42. Kg3 Rd6 43. Bd4 Rc7 44. Rb3 Rd5 45. Kf4 Rc4 46. Kg5 b4 47. axb4 Rxb4 48. Rc3 a4 49.
Rc7 Rd7 50. Rc6+ Rd6 51. Rc7 Rd7 52. Rc6+ Kd5 53. Ra6 Rdb7 54. Kf6 Kc4 55. f4 Kb3 56. Kg5 a3 57. Bg7 Ra4 58. Rd6 a2 59. Rd8 Kc2 60. Rh8 a1=Q 61. Bxa1 Rxa1 62. Rd8 Rd1 63. Rg8 Rf7 64. Rg7 Rdd7 65. Rg8 Kd2 0-1

[Event "***Titled Tuesday 3|2 Blitz"]
[Site "Chess.com"]
[Date "2017.02.07"]
[Round "7"]
[White "Feegus"]
[Black "vellottiwizard"]
[Result "1/2-1/2"]
[WhiteElo "2378"]
[BlackElo "2533"]
[TimeControl "180+2"]
[EndTime "14:43:17 PST"]
[Termination "Game drawn - insufficient material"]

1. Nf3 Nf6 2. g3 b5 3. Bg2 Bb7 4. O-O e6 5. a4 a6 6. d4 Be7 7. axb5 axb5 8. Rxa8 Bxa8 9. Qd3 b4 10. Nbd2 O-O 11. e4 d5 12. e5 Nfd7 13. h4 c5 14. c3 Bb7 15. Re1 Nc6 16. Nf1 Re8 17.
h5 h6 18. N1h2 Bf8 19. Ng4 Qa5 20. Bh3 Ne7 21. Ne3 Ba6 22. Qd2 Nc6 23. Ng4 bxc3 24. bxc3 cxd4 25. cxd4 Qxd2 26. Bxd2 Bd3 27. Rc1 Ndb8 28.
Ne3 Be4 29. Ne1 Nxd4 30. Rc7 Nf3+ 31. Nxf3 Bxf3 32. Bg4 Bxg4 33. Nxg4 Rd8 34. Ba5 Re8 35. Bd2 Be7 36. f4 Kf8 37. Be3 Na6 38. Ra7 Nb4 39.
Kf1 Rc8 40. Ke2 Nc6 41. Rb7 Na5 42. Ra7 Nc6 43. Rb7 Ke8 44. Nf2 Na5 45. Ra7 Nc6 46. Rb7 Rb8 47. Rxb8+ Nxb8 48. Kd3 Nc6 49. g4 f6 50.
exf6 Bxf6 51. Nh3 Be7 52. g5 Bf8 53. Nf2 Ne7 54. Ng4 Nf5 55. Bd2 Kd7 56. Ne5+ Kc7 57.
Ng6 Bd6 58. Bc3 Kd7 59. Bxg7 Bxf4 60. Nxf4 hxg5 61. h6 Nxh6 62. Bxh6 gxf4 63. Bxf4 Kc6 64. Kd4 e5+ 65. Bxe5 Kb5 66. Kxd5 1/2-1/2

[Event "***Titled Tuesday 3|2 Blitz"]
[Site "Chess.com"]
[Date "2017.02.07"]
[Round "7"]
[White "Bad4life"]
[Black "Iball95"]
[Result "0-1"]
[WhiteElo "2285"]
[BlackElo "2402"]
[TimeControl "180+2"]
[EndTime "14:43:23 PST"]
[Termination "Iball95 won by resignation"]

1. e4 c5 2. Nf3 Nc6 3. Bb5 d6 4.
O-O Bd7 5. Re1 Nf6 6. c3 a6 7. Bc4 b5 8. Bf1 Bg4 9. a4 b4 10. d4 bxc3 11. bxc3 cxd4 12. cxd4 Bxf3 13. gxf3 e5 14.
d5 Nd4 15. Be3 Be7 16. Nd2 O-O 17. Nb3 Nxb3 18. Qxb3 Nd7 19. a5 Bg5 20. Bb6 Qf6 21.
Bh3 Nc5 22. Qa3 Bf4 23. Bxc5 dxc5 24. Qxc5 Qh4 25. Kg2 Qg5+ 26. Kf1 Bxh2 27. Ke2 Bf4 28. Rg1 Qh6 29. Bf5 g6 30. Bg4 Qg5 31. Rab1 Rab8 32.
Rb6 h5 33. d6 hxg4 34. Rxg4 Qd8 35. Qc6 Rxb6 36. axb6 a5 37. d7 Kg7 38. Rg1 Qe7 39.
Rd1 Rb8 40. Qc7 Qd8 41. Qxb8 Qxb8 42. d8=Q Qb7 43. Qd6 Qa6+ 44. Ke1 a4 45. Qb4 Qb7 46. Rb1 a3 47. Qxa3 Qd7 48. Qb2 Qh3 49. b7 Qxf3 50.
Qe2 Qh1+ 51. Qf1 Qxe4+ 52. Qe2 Qxb1+ 53. Qd1 Qxb7 54. Ke2 Qe4+ 55. Kf1 Qh1+ 56. Ke2 Qxd1+ 57. Kxd1 Kf6 58. Ke2 Kf5 59. f3 f6 60. Kf2 g5 61.
Kg2 e4 62. Kf2 exf3 63. Kxf3 g4+ 64. Kg2 Kg5 65. Kf2 f5 66. Kg2 Bc7 67. Kf2 f4 68. Kg2 Kf5 69. Kf2 Ke4 70. Kg2 Bb6 71. Kf1 Kf3 72.
Ke1 g3 73. Kd2 0-1

[Event "***Titled Tuesday 3|2 Blitz"]
[Site "Chess.com"]
[Date "2017.02.07"]
[Round "7"]
[White "Incognito_Knight"]
[Black "Hamisandwich"]
[Result "1-0"]
[WhiteElo "2312"]
[BlackElo "2416"]
[TimeControl "180+2"]
[EndTime "14:43:27 PST"]
[Termination "Incognito_Knight won by resignation"]

1. e4 d6 2. d4 Nf6 3. Nc3 e5 4.
Nf3 Nbd7 5. Bc4 Be7 6. O-O O-O 7.
Re1 b6 8. d5 a6 9. a4 Re8 10. Bf1 Nf8 11. a5 b5 12. Na2 Ng6 13. Nb4 Bd7 14. c4 Qb8 15. Nc6 Bxc6 16. dxc6 b4 17. c5 dxc5 18. Bc4 Bd6 19. Qb3 Rf8 20. Bg5 Nh5 21. g3 Qe8 22. Rac1 Kh8 23. Be3 h6 24.
Bd5 Qe7 25. Nd2 Nf6 26. Qc4 Rfb8 27. Bxf7 Nf4 28. Bxf4 exf4 29. e5 Bxe5 30. gxf4 Ng4 31. fxe5 Qh4 32. Qf4 Rd8 33. Ne4 Rd3 34. Be6 Nxe5 35.
Qxh4 Nf3+ 36. Kf1 Nxh4 37. Nxc5 Rd6 38. Bd7 Nf3 39. Re8+ Rxe8 40. Bxe8 Nxh2+ 41. Ke2 Rd5 42. Bd7 Re5+ 43. Kd3 Ng4 44. Nxa6 Rxa5 45. Bxg4 Rxa6 46.
Bd7 Ra5 47. Kc4 h5 48. Kxb4 Re5 49. Rc5 Re4+ 50. Rc4 Re2 51. Ka3 Rxf2 52. b4 Rf1 53. b5 Ra1+ 54. Kb4 Rb1+ 55. Kc5 g5 56. Re4 g4 57. Bxg4 hxg4 58. Rxg4 Rc1+ 59. Kd5 Rd1+ 60. Ke6 Rd6+ 61. Ke7 Rd5 62. b6 cxb6 63. c7 1-0

[Event "***Titled Tuesday 3|2 Blitz"]
[Site "Chess.com"]
[Date "2017.02.07"]
[Round "7"]
[White "GM_dmitrij"]
[Black "stefanodinn"]
[Result "0-1"]
[WhiteElo "2459"]
[BlackElo "2243"]
[TimeControl "180+2"]
[EndTime "14:43:48 PST"]
[Termination "stefanodinn won by checkmate"]

1. e4 c5 2. Nf3 d6 3. d4 cxd4 4. Nxd4 Nf6 5. Nc3 a6 6. Bg5 e6 7. f4 h6 8. Bh4 Qb6 9. Qd2 Qxb2 10.
Rb1 Qa3 11. e5 dxe5 12. fxe5 Nfd7 13. Ne4 g5 14. Bg3 Be7 15. Be2 Nc5 16. Nxc5 Bxc5 17.
Nb3 Qb4 18. c3 Qb6 19. Rf1 Nc6 20. Bh5 Rf8 21. Qd3 Be7 22. Qh7 Qe3+ 23. Kd1 Nxe5 24. Bxe5 Qxe5 25. Rxf7 Rxf7 26. Qxf7+ Kd8 27. Kc2 Qf5+ 28.
Qxf5 exf5 29. Re1 Bd6 30. Nd4 Bd7 31. Bg6 Kc7 32. Bxf5 Re8 33. Rd1 Bxf5+ 34. Nxf5 Bxh2 35. Rh1 Be5 36. Rxh6 Kb8 37. Ne3 Rc8 38. Nd5 Rd8 39.
c4 b5 40. Kd3 bxc4+ 41. Kxc4 Ka7 42. Rh7+ Kb8 43. Kc5 Rc8+ 44. Kb6 Bd4+ 45. Kxa6 Rc6+ 46. Kb5 Rc5+ 47. Kb4 Rxd5 48. Kc4 Rd8 49. a4 Be3 50. a5 Rd2 51. g3 Rg2 52. a6 Rxg3 53. Kb5 Rg1 54. Rh8+ Kc7 55. Rh7+ Kd6 56. Rh3 Bd4 57. Ra3 Rb1+ 58. Kc4 Bc5 59. Rf3 Rb4+ 60. Kc3 Ra4 61. Rf6+ Ke5 62. Rg6 Kf5 63. Rc6 Be3 64. Kb3 Ra1 65. Kb2 Bd4+ 66. Kc2 g4 67. Kd3 Be5 68. Ke3 g3 69. Kf3 Ra3+ 70. Kg2 Kg4 71. Rc8 Ra2+ 72.
Kf1 Rxa6 73. Rg8+ Kf3 74. Ke1 Bf4 75. Kd1 g2 76. Ke1 Ra1# 0-1

[Event "***Titled Tuesday 3|2 Blitz"]
[Site "Chess.com"]
[Date "2017.02.07"]
[Round "7"]
[White "Mornar1951"]
[Black "RitvarsReimanis"]
[Result "0-1"]
[WhiteElo "2544"]
[BlackElo "2389"]
[TimeControl "180+2"]
[EndTime "14:44:15 PST"]
[Termination "RitvarsReimanis won on time"]

1. d4 d5 2. c4 c6 3. Nf3 e6 4.
Nbd2 f5 5. g3 Nf6 6. Bg2 Bd6 7.
O-O Nbd7 8. Ne1 O-O 9. Nd3 Qe7 10. Qc2 a5 11. Nf3 Ne4 12. Bf4 Ndf6 13. Bxd6 Nxd6 14.
Nfe5 Nd7 15. c5 Nf7 16. Nxf7 Qxf7 17. f4 Qf6 18. e3 Qe7 19. b3 g5 20. a3 g4 21. b4 Nf6 22. Qc3 axb4 23. axb4 Bd7 24.
Ne5 Rfb8 25. Ra5 Rxa5 26. bxa5 Ra8 27. Rb1 Bc8 28. Bf1 Nd7 29. Nxd7 Qxd7 30. Rb6 Qc7 31. Qb4 Kf7 32. Qa4 Bd7 33. a6 bxa6 34. Rxa6 Rxa6 35.
Qxa6 Qb8 36. Qb6 Qa8 37. Qc7 Ke8 38. Qe5 Qa3 39. Qh8+ Ke7 40. Qxh7+ Kd8 41. Qh8+ Ke7 42. Qe5 Qa2 43. h4 gxh3 44. Bxh3 Qa5 45. Qd6+ Ke8 46. Qb8+ Ke7 47. Qb1 Qd2 48. Qb3 Qe1+ 49. Kh2 Bc8 50. Qd3 Qf2+ 51. Bg2 Bd7 52. Kh3 Be8 53. Qd1 Qxe3 54. Kh4 Qf2 55. Kh3 Bf7 56. Bf3 Be8 57. Bg2 Bd7 58. Bf3 Bc8 59. Kh4 Kf6 60. Qh1 Qxd4 61. Kh5 Ke7 62. Qh4+ Qf6 63. Qg5 Bd7 64.
Be2 Be8+ 65. Kh4 Qxg5+ 66. fxg5 Bg6 67. Ba6 e5 68. Bb7 Kd7 69. Ba6 e4 70. g4 f4 71. Kh3 d4 72. Kg2 d3 73. Kf2 Ke6 74. Bc4+ Ke5 0-1

[Event "***Titled Tuesday 3|2 Blitz"]
[Site "Chess.com"]
[Date "2017.02.07"]
[Round "7"]
[White "Noukii"]
[Black "Zlatan56"]
[Result "1-0"]
[WhiteElo "2635"]
[BlackElo "2639"]
[TimeControl "180+2"]
[EndTime "14:45:01 PST"]
[Termination "Noukii won on time"]

1. d4 g6 2. c4 Bg7 3. Nc3 c5 4.
d5 Bxc3+ 5. bxc3 f5 6. e4 fxe4 7. f3 Nf6 8. fxe4 d6 9. Nf3 Bg4 10. Be2 Qa5 11. Qc2 Nbd7 12. O-O O-O-O 13. Ng5 Bxe2 14. Qxe2 Ne5 15. Bf4 Nfd7 16. Rac1 Rdf8 17. Bxe5 Nxe5 18. Nf3 Nxf3+ 19. Rxf3 Rxf3 20. gxf3 Rf8 21. Kg2 g5 22. Qb2 Qa4 23. Qb3 Qd7 24. Rf1 e5 25. dxe6 Qxe6 26. Qd1 g4 27. fxg4 Qxe4+ 28. Kg3 Qe5+ 29.
Kg2 Rg8 30. h3 h5 31. Qf3 hxg4 32. hxg4 Kb8 33. Qf4 Qe6 34. Kg3 a6 35. Rd1 Ka7 36. g5 Rh8 37. Rxd6 Qh3+ 38. Kf2 Qxc3 39. g6 Qc2+ 40. Kf3 Rh3+ 41. Kg4 Qg2+ 42. Kf5 Rf3 43.
Qxf3 Qxf3+ 44. Ke6 Qg4+ 45. Kf6 Qf4+ 46. Ke7 Qxc4 47. g7 Qg8 48. Kf6 c4 49. Rd7 Kb6 50. Rf7 Qh7 51. Rf8 Qh6+ 52. Kf7 Qf4+ 53. Ke6 Qg4+ 54.
Kf6 Qf4+ 55. Ke6 Qe4+ 56. Kf6 Qd4+ 57. Kg6 Qg4+ 58. Kf6 Qf3+ 59. Kg6 Qd3+ 60. Kf6 Qc3+ 61. Kg6 Qc2+ 62. Kf6 Qb2+ 63. Kg6 Qg2+ 64. Kf6 Qc6+ 65.
Kg5 Qc5+ 66. Kg6 Qg1+ 67. Kf6 Qf2+ 68. Kg6 Qg3+ 69. Kf6 Qf4+ 70. Kg6 Qe4+ 71. Kf6 Qf3+ 72. Kg6 Qd3+ 73. Kf6 c3 74. g8=Q c2 75. Qe6+ Ka7 76.
Rc8 Qd2 77. Qc4 Qf2+ 78. Ke5 Qe3+ 79. Kf5 Qf2+ 80. Qf4 Qb6 81. Rxc2 Qb5+ 82. Kg4 Qd7+ 83. Qf5 Qd4+ 84. Kg5 Qe3+ 85. Kf6 Qd4+ 86. Kf7 1-0

[Event "***Titled Tuesday 3|2 Blitz"]
[Site "Chess.com"]
[Date "2017.02.07"]
[Round "7"]
[White "tigra"]
[Black "LyonBeast"]
[Result "0-1"]
[WhiteElo "2592"]
[BlackElo "2751"]
[TimeControl "180+2"]
[EndTime "14:45:17 PST"]
[Termination "LyonBeast won on time"]

1. e4 c5 2. Nf3 d6 3. d4 cxd4 4.
Nxd4 Nf6 5. Nc3 a6 6. Bg5 e6 7. f4 h6 8. Bh4 Qb6 9. a3 Be7 10. Bf2 Qc7 11. Qf3 b5 12. e5 Bb7 13.
Qg3 dxe5 14. fxe5 Nh5 15. Nxe6 fxe6 16. Qg6+ Kd8 17. O-O-O+ Nd7 18. Qxh5 Rf8 19. Be3 Kc8 20. Kb1 Qxe5 21. Qh3 Qf5 22. Qg3 Qe5 23. Qe1 Bc5 24. Bxc5 Qxe1 25. Rxe1 Nxc5 26. b4 Nd7 27. Rxe6 Kc7 28.
Rg1 Rae8 29. Rxe8 Rxe8 30. Bd3 Ne5 31. Be2 Rf8 32. Nd1 Rf4 33. Kc1 Kd6 34. Ne3 Ke6 35.
c3 Rf2 36. Kd1 Be4 37. Ke1 Rf8 38. Rf1 Rc8 39. Rf4 Bb7 40. c4 bxc4 41. Nxc4 Bxg2 42.
Nxe5 Kxe5 43. Rf2 Be4 44. Rf7 g5 45. Bxa6 Rc1+ 46. Kd2 Rc2+ 47. Ke3 Rc3+ 48. Kf2 Rxa3 49. Be2 Rh3 50. Kg1 Rb3 51. b5 Rb2 52. Bf1 h5 53. Rf8 h4 54. h3 Bf5 55. Rg8 Kf4 56. Rf8 Ke5 57. Rg8 Rb1 58. Kf2 Kf4 59. Rf8 Rb2+ 60. Kg1 Rb3 61. Kf2 Ke5 62. Rg8 Kf6 63. Rf8+ Kg6 64.
Rg8+ Kh6 65. Rh8+ Kg7 66. Rd8 Bxh3 67. Bc4 Rb4 68. Be2 Kf6 69. Rb8 g4 70. b6 g3+ 71.
Ke3 Rb3+ 72. Kf4 g2 73. Rg8 Rxb6 74. Bf3 Rb2 75. Be4 Rb4 76. Ke3 Rb2 77. Kf4 Rd2 78.
Ke3 Ra2 79. Kf4 Rb2 80. Ke3 Ke5 81. Rg5+ Kd6 82. Rg6+ Kc5 83. Rg5+ Kc4 84. Bd3+ Kc3 85. Rc5+ Kb4 86. Rg5 Bd7 0-1